 Dungeon Crawl Stone Soup version 0.28-a0-664-gc179e30c89 (webtiles) character file.

Game seed: 12443012408421576151

136 acebull12 the Magician (level 5, 0/35 HPs)
             Began as a Djinni Fire Elementalist on Oct 16, 2021.
             Slain by an orc wizard (1 damage)
             ... on level 3 of the Dungeon.
             The game lasted 00:11:57 (3246 turns).

acebull12 the Magician (Djinni Fire Elementalist)   Turns: 3246, Time: 00:11:58

Health: 0/35       AC:  5    Str:  7    XL:     5   Next: 43%
Gold:   186        EV: 12    Int: 18    God:
                   SH:  0    Dex: 13

rFire   + + .      SeeInvis +   l - +1 dagger (holy)
rCold   x . .      Faith    .   (no shield)
rNeg    . . .      Spirit   .   a - +0 robe
rPois   ∞          Reflect  .   e - +2 helmet {SInv}
rElec   .          Harm     .   (no cloak)
rCorr   .          Rampage  .   (no gloves)
Will    .....                   (boots unavailable)
Stlth   ++........              (no amulet)
HPRegen 0.11/turn               (no ring)
MPRegen 0.00/turn               (no ring)

@: flying
A: sickness immunity, fire resistance 2, cold vulnerability 1, float, innate
caster, hp casting, extra vitality 1
a: no special abilities


You were on level 3 of the Dungeon.
You visited 1 branch of the dungeon, and saw 3 of its levels.

You collected 186 gold pieces.

Inventory:

Hand Weapons
 c - a +0 dagger
 l - a +1 dagger of holy wrath (weapon)
Missiles
 f - 152 stones
Armour
 a - a +0 robe (worn)
 e - a +2 helmet of see invisible (worn)
Jewellery
 o - a ring of wizardry
Scrolls
 b - 2 scrolls of acquirement {unknown}
 d - a scroll of enchant weapon {unknown}
 h - a scroll of vulnerability {unknown}
 i - a scroll of silence {unknown}
 j - a scroll of amnesia {unknown}
 m - a scroll of identify {unknown}
 n - a scroll of fog {unknown}
 p - a scroll of teleportation {unknown}
Potions
 g - a potion of brilliance {unknown}
 k - 2 potions of curing {unknown}
 q - a potion of cancellation {unknown}
 r - a potion of degeneration {unknown}


   Skills:
 + Level 0.1 Fighting
 + Level 0.4 Short Blades
 * Level 2.4 Dodging
 + Level 2.1 Stealth
 + Level 0.1 Unarmed Combat
 * Level 4.0 Spellcasting


You couldn't memorise any spells.
You knew the following spells:

 Your Spells              Type           Power      Damage    Failure   Level
a - Foxfire               Conj/Fire      72%        2x1d7     2%          1
b - Scorch                Fire           36%        2d7       4%          2
c - Conjure Flame         Conj/Fire      18%        6-21      9%          3
d - Inner Flame           Hex/Fire       18%        N/A       9%          3
e - Flame Wave            Conj/Fire      18%        3d5       26%         4
f - Sting                 Tmut/Pois      72%        1d6       2%          1
g - Wereblood             Tmut           18%        N/A       4%          2
Your spell library was empty.

Dungeon Overview and Level Annotations

Branches:
Dungeon (3/15)

Altars:

Annotations:
D:3 1 runed translucent door, Crazy Yiuf


Innate Abilities, Weirdness & Mutations

You are immune to sickness and miasma.
You are immune to poison.
Your flesh is very heat resistant. (rF++)
You are vulnerable to cold. (rC-)
You float through the air rather than walking.
You learn spells naturally, not from books.
Your magical power is your life essence.
You have superior vitality. (+4 HP)


Message History

You kill the orc priest!
Your Spellcasting skill increases to level 4!
Casting: Foxfire (safe; 2% risk of failure)
Confirm with . or Enter, or press ? or * to list all spells.
You conjure some foxfire!
The orc wizard hits you with a +0 dagger.
You barely miss the orc wizard.
The foxfire hits the orc wizard.
The orc wizard is lightly wounded.
The foxfire hits the orc wizard.
The orc wizard is moderately wounded.
The orc wizard points at you and mumbles some strange words.
The magic dart hits you!
* * * LOW HITPOINT WARNING * * *
You hit the orc wizard but do no damage.
The orc wizard is moderately wounded.
The orc wizard casts a spell at you. The puff of flame hits you. You resist.
* * * LOW HITPOINT WARNING * * *
You barely miss the orc wizard.
The orc wizard is moderately wounded.
The orc wizard closely misses you.
You closely miss the orc wizard.
The orc wizard is moderately wounded.
The orc wizard mumbles some strange words.
The orc wizard flickers and vanishes for a moment.
You hit the orc wizard but do no damage.
The orc wizard is moderately wounded.
The orc wizard hits you with a +0 dagger.
* * * LOW HITPOINT WARNING * * *
You hit the orc wizard but do no damage.
The orc wizard is moderately wounded.
The orc wizard barely misses you.
You barely miss the orc wizard.
The orc wizard is moderately wounded.
The orc wizard hits you with a +0 dagger.
* * * LOW HITPOINT WARNING * * *
You hit the orc wizard.
The orc wizard is moderately wounded.
The orc wizard hits you with a +0 dagger.
You die...

#.# # .# #.# #.#
##.....## #.# #.#
###.......####.# #..
....?......##.# ###
#.......#.##.#
#.....##.##.########
#..................
#######o####.##.########
#......@.......<# #
#.########.###### # #.#
##### #.# #.... #.#
#.... #.#########.###
#...........###
#.#########.##. #.#
#.##.


You could see an orc wizard (invisible).

Vanquished Creatures
  An orc priest (D:3)
  4 gnolls (D:2)
  A worm (D:2)
  A dart slug (D:2)
  2 orcs (D:2)
  5 endoplasms
  4 giant cockroaches
  3 goblins
  7 hobgoblins
  4 jackals
  3 kobolds
  A quokka (D:3)
  7 ball pythons
  6 bats
  8 frilled lizards
  6 rats
63 creatures vanquished.

Vanquished Creatures (others)
  138 foxfires
  5 toadstools (D:1)
143 creatures vanquished.

Grand Total: 206 creatures vanquished

Notes
Turn   | Place    | Note
-------+----------+-------------------------------------------
     0 | D:1      | acebull12 the Djinni Fire Elementalist began the quest for
                  | the Orb.
     0 | D:1      | Reached XP level 1. HP: 15/15 MP: 0/0
   170 | D:1      | Reached XP level 2. HP: 16/21 MP: 0/0
   582 | D:1      | Reached skill level 3 in Spellcasting
   649 | D:1      | Found a faded altar of an unknown god.
   669 | D:1      | Reached XP level 3. HP: 24/25 MP: 0/0
   669 | D:1      | Learned a level 1 spell: Sting
  1239 | D:2      | Reached XP level 4. HP: 12/31 MP: 0/0
  2215 | D:2      | Reached XP level 5. HP: 33/35 MP: 0/0
  2215 | D:2      | Learned a level 2 spell: Wereblood
  3004 | D:3      | Found a runed translucent door.
  3005 | D:3      | Noticed Crazy Yiuf
  3238 | D:3      | Reached skill level 4 in Spellcasting
  3245 | D:3      | HP: 1/35 [orc wizard (3)]
  3246 | D:3      | Slain by an orc wizard

Illustrated notes

Levels and vault maps discovered:
D:1:      ldierk_walled_garden, layout_rooms, ebering_ecumenical_altar_hall
D:2:      layout_loops_corners, minmay_joined_circles
D:3:      layout_loops_ring, hangedman_decor_clover_reticule,
          uniq_crazy_yiuf_cottage

Skill      XL: |  1  2  3  4  5 |
---------------+----------------+-----
Spellcasting   | 3 4 |  4.0
Stealth        | 2 |  2.1
Fighting       | |  0.1
Short Blades   | |  0.4
Dodging        | |  2.4
Unarmed Combat | |  0.1

Action                   |  1- 3 |  4- 6 || total
-------------------------+-------+-------++-------
Melee: Unarmed           |     2 |       ||     2
       Dagger            |    24 |    45 ||    69
 Cast: Foxfire           |    44 |    43 ||    87
       Sting             |     1 |     2 ||     3
 Stab: Sleeping          |     1 |       ||     1
Armor: Robe              |    17 |    12 ||    29
Dodge: Dodged            |    21 |    30 ||    51

Table legend: (Time is in decaauts)
 A = Elapsed time spent in this place.
 B = Non-inter-level travel time spent in this place.
 C = Inter-level travel time spent in this place.
 D = Time resting spent in this place.
 E = Time spent auto-exploring this place.
 F = Levels seen in this place.
 G = Mean time per level.
                   A        B        C        D        E       F      G
               +--------+--------+--------+--------+--------+-----+--------+
         Total |   3250 |   2938 |    312 |    400 |   1970 |   3 | 1083.3 |
       Dungeon |   3250 |   2938 |    312 |    400 |   1970 |   3 | 1083.3 |
               +--------+--------+--------+--------+--------+-----+--------+

Top non-repeatable levels by time:
     D:2: 1582 daAuts
     D:1: 1277 daAuts
     D:3: 391 daAuts
